AoeStats
← Sir Paul

Scandinavia

510601357Analyzed
1v1 RM · 1d ago on Oct 1, 2026· 45m 53s· 2 players
Game mode
Random Map
Map size
Tiny (2 player)
Population
200
Speed
Normal
Resources
Standard
Victory
Conquest
Starting age
Dark Age
Ending age
Imperial Age
RankedLock teamsTeams togetherTeam positionsShared explorationLock speedFull tech treeHidden civsTurbo modeCheats
Victory
Defeat
🇨🇱 Japanese · Chile
809
+17
🇫🇷 Britons · France
826
-17
Sir Paul
5:54 Loom
12:34 Feudal Age
13:29 Double-Bit Axe
23:41 Castle Age
22:43 Stone Mining
24:45 Bloodlines
24:37 Husbandry
25:09 Padded Archer Armor
25:15 Scale Barding Armor
26:23 Fletching
28:38 Thumb Ring
29:48 Bodkin Arrow
32:28 Chain Barding Armor
32:24 Leather Archer Armor
32:41 Gold Mining
34:13 Ballistics
36:41 Wheelbarrow
35:52 Town Watch
40:45 Imperial Age
39:06 Horse Collar
42:44 Bow Saw
43:29 Parthian Tactics
45:00 Elite Skirmisher
margoul
10:45 Feudal Age
17:35 Horse Collar
20:18 Castle Age
18:31 Padded Archer Armor
18:22 Double-Bit Axe
18:54 Gold Mining
20:10 Padded Archer Armor
23:49 Fletching
24:15 Leather Archer Armor
23:57 Stone Mining
24:41 Heavy Plow
25:26 Gold Shaft Mining
26:34 Scale Barding Armor
26:40 Forging
26:32 Husbandry
27:30 Elite Skirmisher
34:46 Loom
37:47 Scale Mail Armor
42:14 Imperial Age
41:02 Wheelbarrow
43:50 Conscription
Connection lost

Rejoining the realm…

Still unreachable

The connection could not be restored.

Session expired

The server has moved on; the page needs a fresh start.